 Dungeon Crawl Stone Soup version 0.20.1-1-g8b1a95d (webtiles) character file.

198 Galdon the Slasher (level 5, 0/28 HPs)
             Began as a Vine Stalker Fighter on July 10, 2017.
             Splashed by a jelly's acid (7 damage)
             ... on level 2 of the Dungeon.
             The game lasted 00:13:31 (1438 turns).

Galdon the Slasher (Vine Stalker Fighter)           Turns: 1438, Time: 00:13:33

Health: 0/28       AC:  0    Str: 18    XL:     5   Next: 77%
Magic:  0/6        EV:  7    Int:  9    God:
Gold:   22         SH:  9    Dex: 14    Spells: 4/4 levels left

rFire    . . .     SeeInvis .   a - +0 long sword
rCold    . . .     Gourm    .   c - +0 shield
rNeg     . . .     Faith    .   b - +0 scale mail
rPois    .         Spirit   +   (no helmet)
rElec    .         Reflect  .   (no cloak)
rCorr    .         Harm     .   n - +2 pair of gloves
MR       .....                  (no boots)
Stlth    ..........             t - amulet of magic regeneration
Regen    0.5/turn               q - +3 ring of protection
MPRegen  0.2/turn               (no ring)

@: corroded
A: fangs 2, regeneration 1, magic shield, antimagic bite, no potion heal 3, rot
immunity
a: no special abilities


You were on level 2 of the Dungeon.
You were not hungry.

You visited 1 branch of the dungeon, and saw 2 of its levels.

You collected 22 gold pieces.

Inventory:

Hand Weapons
 a - a +0 long sword (weapon)
Missiles
 j - 23 stones (quivered)
 k - a throwing net
 s - 14 sling bullets
Armour
 b - a +0 scale mail (worn)
 c - a +0 shield (worn)
 n - a +2 pair of gloves (worn)
Jewellery
 q - a +3 ring of protection (left hand)
 t - an amulet of magic regeneration (around neck)
Scrolls
 h - 2 scrolls of remove curse
 i - a scroll of magic mapping {unknown}
 l - 2 scrolls of blinking {unknown}
 r - a scroll of immolation {unknown}
 u - 2 scrolls of identify
 w - a scroll of teleportation {unknown}
Potions
 d - 2 potions of might
 o - 2 potions of ambrosia
Comestibles
 f - a bread ration
 p - a chunk of flesh
 v - a meat ration


   Skills:
 * Level 3.6 Fighting
 * Level 3.9 Long Blades
 + Level 2.8 Armour
 + Level 0.1 Dodging
 + Level 0.6 Stealth
 + Level 3.1 Shields


You had 4 spell levels left.
You didn't know any spells.

Dungeon Overview and Level Annotations

Branches:
Dungeon (2/15)

Altars:


Innate Abilities, Weirdness & Mutations

You have extremely sharp teeth.
Your natural rate of healing is unusually fast.
When hurt, damage is shared between your health and your magic reserves.
Your bite disrupts and absorbs the magic of your enemies.
Potions cannot restore your health.
You are immune to rotting.


Message History

You are splashed with acid!
The acid burns!
* * * LOW HITPOINT WARNING * * *
Okay, then.
There is an open door here.
Throwing (i - inventory. (,) - cycle):
j - 25 stones (quivered)
Press: ? - help, Shift-Dir - straight line, f/p - jelly
Aim: a jelly (severely wounded)
You throw a stone. The stone hits the jelly.
The jelly is almost dead.
The jelly barely misses you.
Throwing (i - inventory. (,) - cycle):
j - 24 stones (quivered)
Press: ? - help, Shift-Dir - straight line, f/p - jelly
Aim: a jelly (almost dead)
You throw a stone.
The stone hits the jelly but does no damage.
The jelly is almost dead.
The jelly hits you.
* * * LOW HITPOINT WARNING * * *
You are splashed with acid!
The acid burns!
You die...

............#...............###..
......###...####'######....## #..
.................# #########..
).################ ####.....
..#### ### #........
.....##)÷÷..J##.####### #........
.....##..P.PP#.#.#....###.......#
.....##...÷÷.#.#J#.....##†##....#
.....##..J..÷#(#@#.....)'........
.#...##.J.÷..#.#........'..##....
.#...##..PPPJ#.#........'.###....
.#...##.JJ...#(#.......##.# #....
.#...##.PP...'##......##### ###
.#...##......##########
.#...######## ##...# #####


You could see a jelly.

Vanquished Creatures
  A jelly (D:2)
  Natasha (thrice) (D:2)
  An adder (D:2)
  4 oozes
  2 dart slugs
  4 leopard geckos
  A ball python (D:1)
  2 giant cockroaches (D:2)
  4 goblins (D:1)
  4 hobgoblins
  7 jackals (D:2)
  15 kobolds
  8 bats
  3 frilled lizards
  4 rats
63 creatures vanquished.

Vanquished Creatures (others)
  A hobgoblin (D:1)
  3 fungi (D:2)
  9 toadstools (D:2)
13 creatures vanquished.

Grand Total: 76 creatures vanquished

Notes
Turn   | Place    | Note
-------+----------+-------------------------------------------
     0 | D:1      | Galdon the Vine Stalker Fighter began the quest for the Orb.
     0 | D:1      | Reached XP level 1. HP: 11/11 MP: 2/2
   118 | D:1      | Reached XP level 2. HP: 16/16 MP: 3/3
   403 | D:1      | Reached XP level 3. HP: 14/20 MP: 4/4
   865 | D:2      | Gained mutation: Your natural rate of healing is unusually fast. [Vine Stalker growth]
   865 | D:2      | Reached XP level 4. HP: 14/24 MP: 5/5
   950 | D:2      | Noticed Natasha
   991 | D:2      | Killed Natasha
  1063 | D:2      | Noticed Natasha
  1075 | D:2      | Killed Natasha
  1075 | D:2      | Reached XP level 5. HP: 17/28 MP: 4/6
  1138 | D:2      | Noticed Natasha
  1145 | D:2      | Killed Natasha
  1438 | D:2      | Splashed by a jelly's acid

Skill      XL: |  1  2  3  4 |
---------------+-------------+-----
Long Blades    | 2 3 |  3.9
Fighting       | 3 |  3.6
Shields        | 3 |  3.1
Armour         | |  2.8
Dodging        | |  0.1
Stealth        | |  0.6

Action                   |  1- 3 |  4- 6 || total
-------------------------+-------+-------++-------
Melee: Long sword        |   111 |    74 ||   185
       Bite              |    22 |    36 ||    58
Throw: Stone             |     1 |    33 ||    34
  Use: Scroll            |     2 |     1 ||     3
  Eat: Chunk             |       |     2 ||     2
Armor: Scale mail        |    75 |    53 ||   128
Dodge: Dodged            |    41 |    34 ||    75
Block: Shield            |    67 |    42 ||   109
       Rpst.: Long sword |    14 |    11 ||    25
